Map: Mentes curiosas EE

Players

Cham

  • Race: Zerg Zerg
  • League: Master

Astrea - Winner!

  • Race: Protoss Protoss
  • League: Master

Event: DreamHack SC2 Masters Last Chance 2022

VOD

Have the link to the VOD?

Description

Time

  • Played on: Dec. 19, 2021, 7:16 p.m.
  • Length: 11:53

All games in this series

Show
View Real Time Build Order
Export as new Build Order

Cham Zerg 

Build Orders: Hatch First 

Get SALT Encoding   

  12  0:00  Drone  
  13  0:08  Drone  
  14  0:17  Overlord  
  14  0:36  Drone x2  
  16  0:51  Drone  
  16  0:55  Hatchery  
  16  0:56  Drone  
  17  0:59  Drone  
  18  1:14  Spawning Pool  
  18  1:17  Extractor  
  16  1:20  Drone  
  16  1:22  Drone  
  18  1:31  Drone  
  19  1:44  Drone  
  20  1:52  Overlord  
  20  2:01  Queen  
  22  2:09  Queen  
  22  2:10  Zergling x2  
  22  2:11  Zergling x2  
  22  2:14  Drone  
  27  2:17  Drone  
  27  2:18  Metabolic Boost  
  28  2:24  Drone  
  30  2:30  Drone  
  30  2:41  Hatchery  
  29  2:46  Queen  
  29  2:51  Overlord  
  31  2:55  Drone  
  31  2:57  Drone  
  31  2:58  Drone  
  34  3:06  Zergling x2  
  34  3:07  Zergling x2  
  34  3:10  Drone x2  
  38  3:13  Drone x2  
  40  3:23  Spore Crawler  
  40  3:26  Drone x4  
  44  3:30  Roach Warren  
  44  3:31  Extractor  
  42  3:34  Overlord  
  42  3:37  Overlord  
  42  3:49  Overlord  
  42  3:53  Drone  
  42  3:54  Drone x5  
  48  3:58  Drone x2  
  48  4:02  Zergling x4  
  52  4:07  Overlord  
  52  4:10  Roach  
  52  4:13  Roach  
  52  4:15  Roach  
  58  4:17  Zergling x2  
  58  4:20  Zergling x2  
  58  4:21  Zergling x2  
  58  4:22  Zergling x2  
  62  4:28  Spore Crawler  
  62  4:29  Spore Crawler  
  62  4:30  Spore Crawler  
  60  4:31  Zergling x2  
  60  4:35  Ravager x3  
  63  4:43  Zergling x12  
  66  4:46  Drone  
  66  4:47  Drone  
  66  4:54  Drone x4  
  66  4:59  Drone, Overlord  
  71  5:03  Drone  
  71  5:04  Drone  
  72  5:07  Lair  
  72  5:12  Drone x2  
  74  5:15  Overlord  
  74  5:19  Overlord  
  74  5:20  Drone x2  
  76  5:21  Drone  
  76  5:22  Drone  
  79  5:28  Drone x2  
  79  5:31  Drone x2  
  82  5:38  Overlord  
  82  5:39  Roach  
  82  5:40  Roach x2  
  87  5:44  Extractor x2  
  87  5:46  Roach x2  
  87  5:47  Roach x3  
  92  5:51  Overlord  
  92  5:55  Overlord  
  92  5:58  Overlord  
  92  6:01  Roach  
  92  6:02  Roach x3  
  100  6:04  Glial Reconstitution  
  100  6:08  Overlord  
  100  6:09  Extractor  
  100  6:10  Roach  
  101  6:15  Roach x3  
  101  6:16  Roach  
  109  6:19  Roach  
  109  6:21  Roach  
  109  6:22  Zergling x2  
  109  6:23  Overlord  
  113  6:35  Zergling x12  
  113  6:36  Ravager x2  
  113  6:38  Roach  
  123  6:42  Roach x2  
  123  6:45  Roach  
  129  6:47  Roach  
  129  6:48  Zergling x2  
  132  6:54  Zergling x2, Roach x2  
  132  6:55  Zergling x2  
  125  7:08  Roach x4  
  128  7:11  Roach  
  128  7:13  Zergling x4  
  126  7:17  Roach x2  
  126  7:22  Zergling x14  
  135  7:23  Baneling Nest  
  135  7:25  Roach  
  135  7:28  Roach  
  138  7:33  Roach  
  138  7:36  Roach  
  142  7:41  Roach x3  
  145  7:44  Overlord  
  145  7:57  Zergling x10  
  145  8:03  Roach x6  
  118  8:15  Roach x6  
  118  8:19  Roach x3  
  127  8:22  Roach  
  127  8:25  Roach  
  124  8:27  Roach  
  124  8:29  Centrifugal Hooks  
  124  8:32  Roach  
  107  8:38  Roach  
  107  8:39  Zergling x4  
  107  8:40  Zergling x4  
  107  8:42  Roach  
  107  8:47  Roach  
  111  8:50  Zergling x2  
  111  8:52  Ravager x2  
  111  8:53  Ravager x3  
  111  8:54  Zergling x2  
  118  8:57  Zergling x2  
  118  8:59  Zergling x6  
  118  9:02  Zergling x6  
  125  9:04  Zergling x4  
  125  9:07  Zergling x6  
  130  9:11  Zergling x2  
  130  9:12  Baneling x5  
  130  9:13  Baneling  
  130  9:17  Baneling x6  
  131  9:18  Baneling x2  
  131  9:19  Baneling  
  131  9:20  Baneling  
  131  9:22  Zergling x4  
  131  9:24  Zergling x2  
  134  9:26  Zergling x2  
  134  9:28  Baneling x3  
  134  9:29  Baneling  
  135  9:34  Roach x2  
  135  9:35  Roach  
  135  9:38  Roach  
  143  9:40  Roach  
  143  9:43  Baneling  
  143  9:45  Zergling x8  
  148  9:47  Baneling x3  
  148  9:50  Baneling  
  149  9:54  Roach x2  
  136  10:03  Roach x4  
  128  10:09  Roach x2  
  118  10:15  Zergling x2, Roach x6  
  118  10:18  Zergling x2  
  126  10:23  Zergling x8  
  130  10:30  Ravager  
  130  10:31  Ravager  
  130  10:32  Zergling x2, Roach  
  130  10:33  Zergling x8  
  137  10:38  Baneling x2  
  137  10:39  Baneling  
  137  10:40  Baneling x6  
  134  10:48  Zergling x2, Roach x4  
  117  10:51  Zergling x4  
  117  10:52  Baneling  
  117  10:56  Zergling x6  
  122  10:57  Baneling  
  122  10:58  Baneling  
  113  11:08  Zergling x4, Roach x3  
  113  11:10  Roach  
  110  11:17  Roach x3  
  93  11:19  Roach x2  
  93  11:21  Roach  
  93  11:23  Roach  
  87  11:26  Roach  
  87  11:30  Roach x2  
  87  11:31  Zergling x2  
  88  11:34  Ravager  
  88  11:35  Zergling x6  
  88  11:39  Ravager  
  95  11:44  Ravager  
Show
View Real Time Build Order
Export as new Build Order

Astrea Protoss - Winner!

Build Orders: 1 Gate Expand 

Get SALT Encoding   

  12  0:00  Probe  
  13  0:12  Probe  
  14  0:19  Pylon  
  14  0:24  Probe  
  15  0:37  Probe (Chrono Boost)  
  15  0:40  Gateway  
  16  0:47  Probe (Chrono Boost)  
  17  0:50  Assimilator  
  17  0:52  Probe (Chrono Boost)  
  18  1:04  Probe  
  19  1:16  Probe  
  20  1:25  Nexus  
  20  1:29  Probe  
  21  1:38  Cybernetics Core  
  21  1:42  Probe  
  22  1:48  Pylon  
  23  1:54  Probe  
  23  1:58  Assimilator  
  23  2:06  Probe (Chrono Boost)  
  24  2:12  Adept (Chrono Boost)  
  24  2:15  Warp Gate  
  27  2:16  Probe (Chrono Boost)  
  27  2:21  Probe (Chrono Boost)  
  27  2:27  Twilight Council  
  28  2:33  Probe  
  29  2:38  Probe  
  29  2:39  Stalker (Chrono Boost)  
  32  2:45  Probe  
  32  2:50  Probe  
  34  2:55  Robotics Facility  
  34  2:58  Probe  
  35  3:02  Probe  
  36  3:08  Gateway  
  36  3:10  Resonating Glaives (Chrono Boost)  
  36  3:13  Probe  
  36  3:14  Probe  
  38  3:21  Adept  
  38  3:25  Probe  
  38  3:26  Probe  
  42  3:31  Gateway  
  42  3:39  Warp Prism (Chrono Boost)  
  42  3:45  Pylon  
  42  3:46  Probe x2  
  46  3:59  Pylon  
  46  4:03  Probe  
  46  4:04  Adept x2  
  46  4:09  Observer  
  52  4:19  Nexus  
  52  4:25  Adept x3  
  52  4:30  Probe x2  
  60  4:40  Pylon  
  60  4:47  Probe  
  60  4:48  Probe  
  60  4:55  Immortal (Chrono Boost)  
  60  4:59  Probe  
  65  5:01  Assimilator, Probe  
  65  5:02  Assimilator  
  65  5:03  Robotics Bay  
  66  5:10  Adept x2  
  70  5:17  Shield Battery  
  70  5:20  Pylon  
  70  5:26  Probe x2  
  70  5:31  Immortal (Chrono Boost)  
  70  5:32  Adept x3  
  70  5:34  Probe  
  81  5:38  Probe  
  81  5:40  Probe  
  83  5:47  Probe  
  84  5:51  Probe (Chrono Boost), Shield Battery  
  84  5:55  Blink  
  84  5:57  Forge  
  85  5:59  Probe (Chrono Boost)  
  85  6:01  Sentry  
  85  6:04  Probe (Chrono Boost)  
  90  6:08  Probe (Chrono Boost)  
  90  6:09  Disruptor (Chrono Boost)  
  92  6:12  Pylon  
  92  6:13  Pylon  
  92  6:17  Pylon  
  93  6:30  Probe x3  
  96  6:36  Disruptor (Chrono Boost)  
  96  6:39  Adept  
  101  6:40  Adept x2  
  101  6:42  Probe x2  
  101  6:43  Photon Cannon  
  101  6:44  Photon Cannon  
  101  6:45  Shield Battery  
  101  6:46  Photon Cannon  
  107  6:48  Pylon  
  103  7:10  Adept x3, Disruptor  
  103  7:11  Protoss Ground Weapons Level 1 (Chrono Boost)  
  103  7:13  Probe x2  
  110  7:16  Gateway  
  110  7:17  Gateway  
  110  7:27  Probe x3  
  113  7:31  Stalker x3  
  113  7:36  Gateway, Assimilator  
  119  7:37  Assimilator  
  121  7:47  Photon Cannon  
  118  7:51  Photon Cannon, Disruptor  
  118  7:58  Adept x3  
  125  8:02  Probe x2  
  115  8:15  Probe x2  
  115  8:16  Adept x2  
  113  8:20  Adept  
  113  8:21  Adept x2, Probe  
  119  8:27  Probe x2  
  119  8:33  Probe  
  112  8:34  Disruptor  
  112  8:39  Probe x2  
  112  8:44  Stalker x6  
  112  8:46  Probe  
  125  8:53  Photon Cannon x2  
  125  9:12  Protoss Ground Weapons Level 2 (Chrono Boost), Pylon  
  125  9:13  Pylon  
  125  9:27  Extended Thermal Lance, Colossus (Chrono Boost)  
  125  9:30  Probe x2  
  133  9:31  Probe  
  133  9:34  Stalker, Sentry x2  
  140  9:43  Probe  
  141  9:48  Pylon  
  141  9:50  Pylon  
  116  10:09  Stalker x6  
  116  10:11  Probe x3 (Chrono Boost)  
  117  10:19  Disruptor  
  118  10:23  Probe x3 (Chrono Boost)  
  121  10:31  Probe x3 (Chrono Boost)  
  124  10:37  Probe x3  
  127  10:49  Probe x3  
  128  11:01  Probe x2  
  124  11:10  Stalker x6  
  103  11:19  Probe  
  96  11:33  Stalker x5  
  96  11:34  Stalker  
  108  11:49  Pylon  

Tags
 
Add a new tag
Caveats
  • Supply blocks, unpowered buildings, or Contaminate may cause inaccurate times.
  • Supply counts are checked every 10 seconds.